 Dungeon Crawl Stone Soup version 0.29.1-13-g9f3cf754e1 (webtiles) character file.

Game seed: 7483567360615095310

302 xian the Chopper (level 6, 0/53 HPs)
             Began as a Hill Orc Berserker on Jan 24, 2023.
             Was a Believer of Trog.
             Slain by Duvessa
             ... wielding a +0 short sword
              (7 damage)
             ... on level 4 of the Dungeon.
             The game lasted 00:08:28 (3048 turns).

xian the Chopper (Hill Orc Berserker)               Turns: 3048, Time: 00:08:29

Health: 0/53       AC:  6    Str: 22    XL:     6   Next: 37%
Magic:  6/6        EV: 10    Int:  7    God:    Trog [**....]
Gold:   188        SH:  5    Dex: 10    Spells: 5/5 levels left

rFire   . . .      SeeInvis .   x - +2 war axe (flame)
rCold   . . .      Faith    .   (no shield)
rNeg    . . .      Spirit   .   w - +0 scale mail
rPois   +          Reflect  +   (no helmet)
rElec   .          Harm     +   v - scarf {harm}
rCorr   .          Rampage  .   (no gloves)
Will    .....                   (no boots)
Stlth   ..........              u - amulet of reflection
HPRegen 0.17/turn               d - ring of poison resistance
MPRegen 0.10/turn               r - ring of poison resistance

@: on berserk cooldown, slowed, very slow
A: no striking features
a: Renounce Religion, Berserk, Trog's Hand


You were on level 4 of the Dungeon.
You worshipped Trog.
Trog was pleased with you.
You visited 1 branch of the dungeon, and saw 4 of its levels.

You collected 188 gold pieces.

Inventory:

Hand Weapons
 a - a +0 hand axe
 x - a +2 war axe of flaming (weapon)
Missiles
 c - a stone
 e - 13 poisoned darts (quivered)
 l - 4 atropa-tipped darts
 o - 10 boomerangs
Armour
 v - a scarf of harm (worn)
 w - a +0 scale mail (worn)
Jewellery
 d - a ring of poison resistance (left hand)
 r - a ring of poison resistance (right hand)
 u - an amulet of reflection (around neck)
Wands
 j - a wand of polymorph (4)
Scrolls
 b - 3 scrolls of torment
 f - 4 scrolls of identify
 i - a scroll of summoning {unknown}
 m - a scroll of amnesia {unknown}
 n - a scroll of fear {unknown}
 s - a scroll of immolation
Potions
 g - a potion of might {unknown}
 h - a potion of brilliance {unknown}
 k - a potion of degeneration {unknown}
 p - 2 potions of attraction {unknown}
 q - a potion of haste {unknown}
 t - 2 potions of mutation {unknown}


   Skills:
 + Level 4.7 Fighting
 + Level 6.8 Axes
 * Level 1.6 Throwing
 + Level 3.2 Armour
 + Level 2.2 Dodging
 + Level 0.1 Stealth
 + Level 0.6 Shields


You had 5 spell levels left.
You didn't know any spells.
Your spell library contained the following spells:

 Spells                   Type           Power      Damage    Failure   Level
 Shock                    Conj/Air       0%         1d3       77%         1
 Swiftness                Air            0%         N/A       98%         3
 Airstrike                Air            0%         2d(0-16)  100%        4


Dungeon Overview and Level Annotations

Branches:
Dungeon (4/15)
 Temple: D:4-7

Altars:
Hepliaklqana

Shops:
D:1 (

Annotations:
D:4 Dowan, Duvessa


Message History

Duvessa hits you with a +0 short sword! Duvessa barely misses you.
An iguana comes into view.
You see here a +2 war axe of flaming.
x - a +2 war axe of flaming You feel the effects of Trog's Hand fading.
Duvessa hits you with a +0 short sword. You block Duvessa's attack.
Your +2 war axe of flaming bursts into flame!
x - a +2 war axe of flaming (weapon)
You block Duvessa's attack.
Unknown command.
You slash Duvessa! You burn Duvessa.
Duvessa is severely wounded.
Duvessa hits you with a +0 short sword.
Duvessa drinks a potion.
Duvessa is healed!
Duvessa completely misses you.
Dowan casts a spell.
Dowan blinks!
A gnoll comes into view. It is wielding a +0 halberd.
Unknown command.
You hit Duvessa. You burn Duvessa.
Duvessa is moderately wounded.
Duvessa hits you with a +0 short sword! Duvessa hits you with a +0 short sword.
Duvessa hits you but does no damage.
Unknown command.
As you read the scroll labelled LISOLE QEMERGH, it crumbles to dust.
It is a scroll of identify.
b - 3 scrolls of torment Your skin stops crawling.
You feel less strong-willed.
Dowan casts a spell.
Dowan blinks!
Duvessa hits you with a +0 short sword!
* * * LOW HITPOINT WARNING * * *
Duvessa barely misses you.
Unknown command.
Okay, then.
Okay, then.
As you read the scroll labelled PAWOPS LOISCHAUMUEW, it crumbles to dust.
The creatures around you are filled with an inner flame!
It was a scroll of immolation.
Duvessa hits you but does no damage.
Dowan gestures wildly while chanting.
Dowan blinks!
Duvessa hits you with a +0 short sword.
You die...

.##.##..#####.#.#.#
..................#
##.###..####..#.#.#
#..# ##.....#
#..#########..#
#......# #.#
####.#.# .# #)# #@#
#e# #g# #l# .g.
#.ยง ##.. .. ..#


You could see Duvessa (fast, inner flame), an iguana (inner flame) and 2 gnolls.

Vanquished Creatures
  An orc priest (D:3)
  Jessica (D:2)
  4 orc wizards (D:3)
  A gnoll (D:4)
  3 adders
  2 worms
  2 dart slugs
  10 orcs
  3 bats (D:1)
  3 endoplasms
  3 giant cockroaches
  8 goblins
  7 hobgoblins
  15 jackals
  4 kobolds
  2 quokkas
  9 ball pythons
  A frilled lizard (D:2)
  8 rats
87 creatures vanquished.

Notes
Turn   | Place    | Note
-------+----------+-------------------------------------------
     0 | D:1      | xian the Hill Orc Berserker began the quest for the Orb.
     0 | D:1      | Reached XP level 1. HP: 19/19 MP: 1/1
    71 | D:1      | Reached XP level 2. HP: 27/27 MP: 2/2
    78 | D:1      | Found Duves's Antique Weapon Boutique.
   649 | D:1      | Reached XP level 3. HP: 32/33 MP: 3/3
   753 | D:1      | Found a faded altar of an unknown god.
   996 | D:2      | Noticed Jessica
  1036 | D:2      | Killed Jessica
  1037 | D:2      | Reached skill level 5 in Axes
  1037 | D:2      | Reached XP level 4. HP: 41/41 MP: 4/4
  1267 | D:2      | Reached ** piety under Trog
  2108 | D:3      | Reached skill level 1 in Throwing
  2138 | D:3      | Reached XP level 5. HP: 47/47 MP: 5/5
  2141 | D:3      | Reached skill level 6 in Axes
  2194 | D:3      | Found a hazy altar of Hepliaklqana.
  2427 | D:3      | Reached XP level 6. HP: 50/53 MP: 6/6
  3027 | D:4      | Noticed Duvessa
  3028 | D:4      | Noticed Dowan
  3048 | D:4      | Slain by Duvessa

Illustrated notes

Levels and vault maps discovered:
D:1:      minmay_arrival_shattered_statue, layout_rooms,
          shapermc_ecumenical_altar_starsandcircs, serial_shops, shop
D:2:      layout_basic, kennysheep_flooded_box, uniq_jessica
D:3:      layout_loops_ring, nzn_hepliaklqana_mist_gate
D:4:      layout_loops_ring, minmay_temple_entry_poolview, serial_glass,
          glass_columns_a, glass_columns_a, uniq_natasha, uniq_duvessa

Skill      XL: |  1  2  3  4  5 |
---------------+----------------+-----
Fighting       | 4 |  4.7
Axes           | 5 6 |  6.8
Dodging        | 2 |  2.2
Throwing       | 1 |  1.6
Armour         | 3 |  3.2
Stealth        | |  0.1
Shields        | |  0.6

Action                   |  1- 3 |  4- 6 || total
-------------------------+-------+-------++-------
Melee: Hand axe          |    81 |   192 ||   273
       Punch             |     2 |     1 ||     3
       War axe           |       |     2 ||     2
Throw: Stone             |    20 |    23 ||    43
       Dart              |       |     2 ||     2
Invok: Berserk           |     1 |     4 ||     5
       Trog's Hand       |       |     2 ||     2
  Use: Scroll            |       |     2 ||     2
Armor: Animal skin       |    16 |       ||    16
       Skin              |    13 |       ||    13
       Ring mail         |     9 |    29 ||    38
       Scale mail        |       |    28 ||    28
Dodge: Dodged            |    42 |    91 ||   133
Block: Other             |       |    22 ||    22
       Reflection        |       |     1 ||     1
